AoeStats
← Comend x comend

African Clearing

506958262Analyzed
4v4 RM · 16d ago on Sep 15, 2026· 43m 48s· 8 players
Game mode
Random Map
Map size
Large (8 player)
Population
200
Speed
Normal
Resources
Standard
Victory
Conquest
Starting age
Dark Age
Ending age
Imperial Age
RankedLock teamsTeams togetherTeam positionsShared explorationLock speedFull tech treeHidden civsTurbo modeCheats
Victory
Defeat
🇹🇷 Hindustanis · Türkiye
1510
+13
🇲🇽 Vietnamese · Mexico
1501
+13
🇨🇳 Japanese · China
1424
+17
🇺🇸 Burmese · United States
1415
+17
🇺🇸 Turks · United States
1462
-16
🇵🇪 Georgians · Peru
1444
-15
🇦🇷 Vikings · Argentina
1434
-15
🇵🇪 Burgundians · Peru
1420
-14
DippityDang
10:41 Loom
12:27 Feudal Age
17:07 Castle Age
15:50 Scale Barding Armor
15:37 Double-Bit Axe
16:41 Scale Barding Armor
23:35 Bloodlines
23:26 Horse Collar
30:00 Chain Barding Armor
34:25 Wheelbarrow
35:15 Forging
38:11 Heavy Plow
38:45 Gold Mining
39:51 Husbandry
MasteRk
11:12 Loom
13:35 Feudal Age
14:22 Town Watch
17:58 Castle Age
16:15 Double-Bit Axe
17:07 Fletching
20:07 Bodkin Arrow
21:38 Padded Archer Armor
24:24 Leather Archer Armor
30:07 Horse Collar
30:19 Gold Mining
32:18 Bloodlines
32:08 Husbandry
33:20 Stone Mining
33:56 Elite Skirmisher
33:56 Elite Skirmisher
36:24 Wheelbarrow
36:33 Ballistics
40:17 Imperial Age
38:40 Bow Saw
39:28 Scale Barding Armor
41:19 Bracer
42:20 Chemistry
41:31 Masonry
Comend x comend
4:31 Loom
12:53 Feudal Age
12:57 Man-at-Arms
18:00 Double-Bit Axe
21:01 Wheelbarrow
21:37 Bow Saw
27:18 Castle Age
25:59 Stone Mining
39:03 Stone Shaft Mining
42:26 Gold Mining
43:52 Two-Man Saw
JUNCAL
5:48 Loom
12:01 Feudal Age
12:41 Town Watch
13:04 Double-Bit Axe
16:35 Gold Mining
17:01 Fletching
18:09 Horse Collar
23:41 Padded Archer Armor
31:09 Castle Age
29:32 Stone Mining
32:14 Bow Saw
32:59 Gold Shaft Mining
34:01 Man-at-Arms
35:19 Scale Mail Armor
35:30 Forging
36:56 Bodkin Arrow
PaRappa56
2:57 Loom
9:40 Loom
12:17 Feudal Age
12:23 Man-at-Arms
15:18 Fletching
25:04 Castle Age
23:06 Horse Collar
23:36 Padded Archer Armor
25:12 Crossbowman
25:48 Bodkin Arrow
29:16 Wheelbarrow
28:27 Town Watch
29:36 Ballistics
33:33 Scale Barding Armor
33:38 Forging
34:52 Chain Barding Armor
35:30 Bloodlines
35:21 Husbandry
34:43 Light Cavalry
36:14 Hand Cart
37:29 Iron Casting
40:10 Gold Mining
40:10 Stone Mining
41:56 Heavy Plow
46:35 Imperial Age
44:09 Manipur Cavalry
MonkHater
12:12 Feudal Age
13:54 Double-Bit Axe
14:20 Loom
16:07 Town Watch
16:43 Fletching
23:44 Castle Age
22:34 Padded Archer Armor
25:35 Gold Mining
26:00 Bow Saw
27:11 Bodkin Arrow
34:59 Squires
37:54 Horse Collar
Ferpo
3:43 Loom
13:36 Feudal Age
14:21 Double-Bit Axe
18:28 Castle Age
17:47 Fletching
17:57 Padded Archer Armor
21:29 Ballistics
28:23 Wheelbarrow
27:50 Bodkin Arrow
28:10 Leather Archer Armor
29:31 Horse Collar
30:32 Heavy Plow
32:24 Bow Saw
36:40 Gold Mining
36:40 Stone Mining
39:26 Imperial Age
37:35 Hand Cart
39:32 Stone Shaft Mining
40:19 Bracer
40:49 Ring Archer Armor
40:47 Thumb Ring
42:18 Chemistry
44:53 Two-Man Saw
ValerioN__
13:12 Feudal Age
12:41 Loom
16:45 Castle Age
24:51 Scale Mail Armor
32:15 Forging
33:47 Chain Mail Armor
35:53 Iron Casting
36:09 Fletching
43:42 Double-Bit Axe
43:38 Horse Collar
Connection lost

Rejoining the realm…

Still unreachable

The connection could not be restored.

Session expired

The server has moved on; the page needs a fresh start.